 Dungeon Crawl Stone Soup version 0.30-a0-358-g0d69a1922f (webtiles) character file.

Game seed: 12118312593169951106

19121 blackman the Peltast (level 13, -1/113 HPs)
             Began as a Formicid Fighter on Nov 10, 2022.
             Was an Elder of Cheibriados.
             Slain by a two-headed ogre
             ... wielding a +0 giant club
              (10 damage)
             ... on level 2 of the Orcish Mines.
             The game lasted 00:24:16 (9682 turns).

blackman the Peltast (Formicid Fighter)             Turns: 9682, Time: 00:24:16

Health: -1/113     AC: 19    Str: 35    XL:     13   Next: 2%
Magic:  11/11      EV: 13    Int: 11    God:    Cheibriados [****..]
Gold:   1046       SH: 36    Dex: 31    Spells: 12/12 levels left

rFire   + . .      SeeInvis +    T - +2 battleaxe (vorpal)
rCold   + . .      Faith    .    I - +10 tower shield of Ignorance {rN+ Int-4}
rNeg    + . .      Spirit   .    E - +10 swamp dragon scales "Otoreud" {*Slow rPois rF+ rC+}
rPois   +          Reflect  .    (helmet unavailable)
rElec   .          Harm     .    F - +0 cloak
rCorr   .          Rampage  .    (no gloves)
Will    +....                    (no boots)
Stlth   ++........               u - amulet of regeneration
HPRegen 1.18/turn                Q - +4 ring of evasion
MPRegen 0.12/turn                (no ring)

@: mighty, very slow
A: permanent stasis, dig shafts and tunnels, antennae 3, four strong arms, agile
2, low MP 1
a: Dig, Shaft Self, Renounce Religion, Bend Time, Temporal Distortion, Slouch


You were on level 2 of the Orcish Mines.
You worshipped Cheibriados.
Cheibriados was greatly pleased with you.
You visited 3 branches of the dungeon, and saw 13 of its levels.
You also visited: Sewer.

You collected 1228 gold pieces.
You spent 182 gold pieces at shops.

Inventory:

Hand Weapons
 a - a +1 war axe
 C - a +0 glaive
 K - a +5 antimagic battleaxe
 R - a +2 broad axe of electrocution
 T - a +2 vorpal battleaxe (weapon)
Missiles
 d - 8 poisoned darts
 y - 10 boomerangs
 G - 3 javelins (quivered)
Armour
 b - a +0 scale mail
 c - a +1 buckler
 E - the +10 swamp dragon scales "Otoreud" (worn) {*Slow rPois rF+ rC+}
   (You found it on level 5 of the Dungeon)

   rF:        It protects you from fire.
   rC:        It protects you from cold.
   rPois:     It protects you from poison.
   *Slow:     It may slow you when you take damage.
 F - a +0 cloak (worn)
 I - the +10 tower shield of Ignorance (worn) {rN+ Int-4}
   (You found it on level 6 of the Dungeon)

   Int:       It affects your intelligence (-4).
   rN:        It protects you from negative energy.
Jewellery
 k - an amulet of magic regeneration
 s - a ring of magical power
 u - an amulet of regeneration (around neck)
 B - an amulet of the acrobat
 D - a ring of resist corrosion
 Q - a +4 ring of evasion (left hand)
Wands
 o - a wand of flame (24)
Scrolls
 h - 2 scrolls of magic mapping
 j - 2 scrolls of poison
 l - 3 scrolls of immolation
 m - 5 scrolls of teleportation
 n - a scroll of fear
 p - 2 scrolls of vulnerability
 r - 5 scrolls of butterflies
 t - 2 scrolls of enchant weapon
 A - 5 scrolls of identify
 H - 3 scrolls of amnesia
 M - 2 scrolls of silence {unknown}
 S - a scroll of enchant armour
Potions
 e - a potion of experience {unknown}
 f - a potion of haste
 g - 2 potions of flight
 i - 7 potions of brilliance {unknown}
 q - 3 potions of heal wounds {unknown}
 v - 2 potions of berserk rage {unknown}
 w - 2 potions of resistance {unknown}
 x - 2 potions of lignification {unknown}
 z - a potion of mutation
 J - a potion of attraction {unknown}
 L - 2 potions of curing {unknown}
 N - a potion of magic


   Skills:
 - Level 14.0 Fighting
 - Level 6.5 Axes
 - Level 3.2 Armour
 * Level 19.4 Shields


You had 12 spell levels left.
You didn't know any spells.
Your spell library contained the following spells:

 Spells                   Type           Power      Damage    Failure   Level
 Freeze                   Ice            0%         1d3       65%         1
 Kiss of Death            Conj/Necr      0%         2d5       65%         1
 Magic Dart               Conj           0%         1d3       65%         1
 Cigotuvi's Dreadful Rot  Necr/Pois/Air  0%         N/A       80%         2
 Ensorcelled Hibernation  Hex/Ice        0%         N/A       80%         2
 Passwall                 Tmut/Erth      0%         N/A       80%         2
 Poisonous Vapours        Pois/Air       0%         N/A       80%         2
 Searing Ray              Conj           0%         2d4       80%         2
 Confusing Touch          Hex            0%         N/A       95%         3
 Frozen Ramparts          Ice            0%         1d1       95%         3
 Hailstorm                Conj/Ice       0%         3d3       95%         3
 Mephitic Cloud           Conj/Pois/Air  0%         N/A       95%         3
 Spider Form              Tmut/Pois      0%         N/A       95%         3
 Anguish                  Hex/Necr       0%         N/A       100%        4
 Dispel Undead            Necr           0%         3d6       100%        4
 Fulminant Prism          Conj/Hex       0%         3d5       100%        4
 Swiftness                Air            Unusable   N/A       N/A         3

Dungeon Overview and Level Annotations

Branches:
Dungeon (10/15)            Temple (1/1) D:5            Lair (0/5) D:8
    Orc (2/2) D:10            Elf (0/3) Orc:2         Sewer (visited)

Altars:
Ashenzari
Cheibriados
Dithmenos
Elyvilon
Fedhas
Gozag
Hepliaklqana
Kikubaaqudgha
Makhleb
Nemelex Xobeh
Okawaru
Qazlal
Sif Muna
Trog
Uskayaw
Vehumet
Wu Jian
Xom
Yredelemnul
Zin
The Shining One

Shops:
D:1 !   D:9 (

Annotations:
D:4 2 runed translucent doors, oldriver's ghost, amateur OgTm
D:5 4 runed translucent doors


Innate Abilities, Weirdness & Mutations

You cannot be hasted, slowed, berserked, paralysed or teleported.
You can dig through walls and to a lower floor.
You have a pair of large antennae on your head. (SInv)
Your four strong arms can wield two-handed weapons with a shield.
You are very agile. (Dex +8, Str/Int -2)
Your magical capacity is low. (-10% MP)


Message History

The ogre cries, "Waaaaaa!"
You block the ogre mage's attack.
You block the two-headed ogre's attack. x2
The two-headed ogre barely misses you.
The two-headed ogre hits you with a +0 giant spiked club!
* * * LOW HITPOINT WARNING * * *
The ogre shouts!
You slice the two-headed ogre!!
You kill the two-headed ogre!
Cheibriados appreciates the change of pace.
You slice the two-headed ogre!!
You hear a shout! x2
The ogre mage hits you but does no damage.
An ogre comes into view. It is wielding a +0 giant spiked club.
Cornered, the ogre turns to fight! x2; You block the two-headed ogre's attack. x2
You have reached level 13!
You slash the two-headed ogre!
The two-headed ogre is severely wounded.
The two-headed ogre seems to regain its courage.
You block the ogre mage's attack.
An ogre comes into view. It is wielding a +0 giant club. x2
You block the two-headed ogre's attack. x2
An ogre mage comes into view. It is wielding a +3 whip.
You slash the two-headed ogre!
The two-headed ogre is almost dead.
The ogre mage gestures at the two-headed ogre while chanting.
The two-headed ogre seems to speed up.
The ogre mage gestures wildly while chanting.
The ogre mage flickers and vanishes for a moment.
You block the ogre mage's attack.
You hear a shout!
You block the two-headed ogre's attack. x2; The ogre completely misses you.
You block the two-headed ogre's attack.
The two-headed ogre hits you with a +0 giant spiked club!
* * * LOW HITPOINT WARNING * * *
A two-headed ogre comes into view. It is wielding two +0 giant clubs.
The ogre barely misses you. The ogre mage hits you with a +0 spear!
* * * LOW HITPOINT WARNING * * *
The two-headed ogre misses you.
The two-headed ogre hits you with a +0 giant spiked club!
You die...

#.......... #..##......
##.##...... # ###.......
#. ##...... .#O. ###
###....... .....###.##
##.........
...O.OOO).####..........
#...OO@..##.......#.#.)
#..OOO#O.........#####.
#...O.##..........# #.
#..#.. ##........### ##
#. ##. #$.#........# ##
# ## ####.......####.
#.#......###..
###...........
##..........


You could see 4 two-headed ogres, 2 ogre magi and 6 ogres.

Vanquished Creatures
  Donald (Orc:2)
  Snorg (D:10)
  Fannar (Orc:1)
  An ogre mage (Orc:2)
  6 two-headed ogres (Orc:2)
  Erica (Orc:1)
  An orc high priest (Orc:2)
  Pikel (D:7)
  An orc knight (Orc:1)
  An ugly thing (D:10)
  An oklob plant (Orc:1)
  An orc sorcerer (Orc:2)
  A gargoyle (D:10)
  An unseen horror (D:9)
  A komodo dragon (D:8)
  4 trolls
  Grinder (D:6)
  A shadow (D:7)
  2 wyverns
  3 yaks (D:10)
  A wraith (D:10)
  3 steam dragons
  Edmund (D:6)
  Menkaure (D:6)
  3 wargs
  3 ice beasts
  3 sky beasts
  A black bear (D:6)
  9 orc warriors
  7 centaurs
  7 ogres
  A lemure (D:7)
  A phantom (D:4)
  2 kobold brigands (Sewer)
  5 bullfrogs
  2 scorpions
  4 necrophages
  4 wights (D:8)
  13 killer bees
  An electric eel (D:9)
  3 howler monkeys
  2 lava snakes (D:7)
  3 jellies
  7 orc priests
  2 gnoll boudas
  5 hounds
  4 iguanas
  Crazy Yiuf (D:6)
  Jessica (D:3)
  12 orc wizards
  12 gnolls
  6 adders
  2 river rats
  A shadow imp (D:7)
  An ufetubus (D:5)
  5 worms
  A dart slug (D:4)
  44 orcs
  14 ball pythons
  4 bats
  6 endoplasms
  6 giant cockroaches
  6 goblins
  A hobgoblin (D:2)
  8 jackals
  10 kobolds
  4 quokkas
  A frilled lizard (D:3)
  8 rats
283 creatures vanquished.

Vanquished Creatures (others)
  An orc (D:9)
  A bush (D:6)
  7 plants (D:8)
9 creatures vanquished.

Grand Total: 292 creatures vanquished

Notes
Turn   | Place    | Note
-------+----------+-------------------------------------------
     0 | D:1      | blackman the Formicid Fighter began the quest for the Orb.
     0 | D:1      | Reached XP level 1. HP: 18/18 MP: 1/1
   162 | D:1      | Found Huug's Distillery.
   214 | D:1      | Reached XP level 2. HP: 24/24 MP: 2/2
   511 | D:1      | Reached XP level 3. HP: 29/29 MP: 3/3
  1347 | D:3      | Reached XP level 4. HP: 35/35 MP: 4/4
  1398 | D:3      | Noticed Jessica
  1411 | D:3      | Killed Jessica
  1848 | D:3      | Found a snail-covered altar of Cheibriados.
  2051 | D:3      | Reached XP level 5. HP: 41/41 MP: 5/5
  2288 | D:4      | Found a glowing drain.
  2298 | D:4      | Reached skill level 5 in Axes
  2306 | Sewer    | Entered a sewer
  2547 | Sewer    | Noticed a kobold brigand
  2548 | Sewer    | Noticed a kobold brigand
  2560 | Sewer    | Killed a kobold brigand
  2561 | Sewer    | Reached XP level 6. HP: 40/47 MP: 6/6
  2668 | Sewer    | Gained mutation: Your magical capacity is low. (-10% MP)
                  | [potion of mutation]
  2668 | Sewer    | Gained mutation: You are agile. (Dex +4, Str/Int -1)
                  | [potion of mutation]
  2668 | Sewer    | Gained mutation: You are very agile. (Dex +8, Str/Int -2)
                  | [potion of mutation]
  2705 | D:4      | Found a large runed translucent door.
  2749 | D:4      | Reached XP level 7. HP: 50/54 MP: 6/6
  2831 | D:4      | Reached skill level 5 in Fighting
  2903 | D:4      | Found a large runed translucent door.
  2907 | D:4      | Noticed oldriver's ghost (amateur OgTm)
  3327 | D:5      | Entered Level 5 of the Dungeon
  3340 | D:5      | Found a large runed translucent door.
  3340 | D:5      | Noticed a troll
  3340 | D:5      | Noticed a two-headed ogre
  3341 | D:5      | Found a large runed translucent door.
  3348 | D:5      | Found a large runed translucent door.
  3348 | D:5      | Found a large runed translucent door.
  3399 | D:5      | Reached XP level 8. HP: 60/67 MP: 7/7
  3421 | D:5      | Identified the +10 swamp dragon scales "Otoreud" {*Slow
                  | rPois rF+ rC+}
  3555 | D:5      | Noticed a two-headed ogre
  3888 | D:6      | Noticed Menkaure
  3895 | D:6      | Killed Menkaure
  3965 | D:6      | Reached XP level 9. HP: 74/78 MP: 8/8
  3997 | D:6      | Reached skill level 10 in Fighting
  4027 | D:6      | Noticed Grinder
  4059 | D:6      | Killed Grinder
  4212 | D:6      | Found the +10 tower shield of Ignorance {rN+ Int-4}
  4257 | D:6      | Found a white marble altar of Elyvilon.
  4275 | D:6      | Found an ornate altar of the Wu Jian Council.
  4282 | D:6      | Noticed Edmund
  4292 | D:6      | Killed Edmund
  4384 | D:6      | Found a runed translucent door.
  4385 | D:6      | Noticed Crazy Yiuf
  4390 | D:6      | Killed Crazy Yiuf
  4767 | D:5      | Found a staircase to the Ecumenical Temple.
  4773 | Temple   | Entered the Ecumenical Temple
  5055 | D:3      | Became a worshipper of Cheibriados the Contemplative
  5185 | D:7      | Noticed Pikel
  5189 | D:7      | Reached XP level 10. HP: 51/91 MP: 9/9
  5195 | D:7      | Killed Pikel
  5399 | D:7      | Reached * piety under Cheibriados
  5427 | D:7      | Reached skill level 5 in Shields
  5671 | D:7      | You fall into a shaft and drop 2 floors!
  5672 | D:9      | Identified a scroll of acquirement
  5673 | D:9      | Acquired a +5 antimagic battleaxe
  5689 | D:9      | Noticed an unseen horror
  5693 | D:9      | Killed an unseen horror
  5694 | D:9      | Reached skill level 6 in Shields
  5752 | D:9      | Reached skill level 7 in Shields
  5818 | D:8      | Found a staircase to the Lair.
  5819 | D:8      | Noticed a komodo dragon
  5838 | D:8      | Killed a komodo dragon
  6247 | D:7      | Reached skill level 8 in Shields
  6621 | D:8      | Reached skill level 9 in Shields
  6718 | D:8      | Reached ** piety under Cheibriados
  6850 | D:8      | Reached XP level 11. HP: 97/99 MP: 3/9
  6855 | D:8      | Reached skill level 10 in Shields
  7331 | D:9      | Found Laawk's Antique Weapon Emporium.
  7507 | D:9      | Bought a runed broad axe for 182 gold pieces
  7755 | D:10     | Entered Level 10 of the Dungeon
  7841 | D:10     | Found an opulent altar of Gozag.
  7856 | D:10     | Found a glowing golden altar of the Shining One.
  7865 | D:10     | Reached skill level 11 in Shields
  7903 | D:10     | Noticed a red ugly thing
  7908 | D:10     | Killed a red ugly thing
  8108 | D:10     | Found a staircase to the Orcish Mines.
  8112 | D:10     | Reached skill level 12 in Shields
  8222 | D:10     | Reached skill level 13 in Shields
  8255 | D:10     | Reached *** piety under Cheibriados
  8373 | Orc:1    | Entered Level 1 of the Orcish Mines
  8373 | Orc:1    | Noticed Snorg
  8373 | Orc:1    | Noticed Fannar
  8391 | D:10     | Killed Snorg
  8626 | Orc:1    | Killed Fannar
  8627 | Orc:1    | Reached skill level 14 in Shields
  8849 | Orc:1    | Noticed an oklob plant
  8862 | Orc:1    | Killed an oklob plant
  8898 | Orc:1    | Noticed Erica
  8898 | Orc:1    | Noticed an orc knight
  8908 | Orc:1    | Killed Erica
  8909 | Orc:1    | Reached skill level 15 in Shields
  8910 | Orc:1    | Reached XP level 12. HP: 99/107 MP: 10/10
  9332 | Orc:2    | Entered Level 2 of the Orcish Mines
  9336 | Orc:2    | Noticed an orc high priest
  9343 | Orc:2    | Killed an orc high priest
  9344 | Orc:2    | Reached skill level 16 in Shields
  9355 | Orc:2    | Reached **** piety under Cheibriados
  9389 | Orc:2    | Found a staircase to the Elven Halls.
  9397 | Orc:2    | Reached skill level 17 in Shields
  9484 | Orc:2    | Noticed Donald
  9494 | Orc:2    | Killed Donald
  9657 | Orc:2    | Noticed a two-headed ogre
  9659 | Orc:2    | Noticed an ogre mage
  9660 | Orc:2    | Noticed an ogre mage
  9660 | Orc:2    | Noticed a two-headed ogre
  9660 | Orc:2    | Noticed a two-headed ogre
  9662 | Orc:2    | Noticed a two-headed ogre
  9662 | Orc:2    | Noticed a two-headed ogre
  9663 | Orc:2    | Noticed a two-headed ogre
  9663 | Orc:2    | Noticed a two-headed ogre
  9664 | Orc:2    | Killed a two-headed ogre
  9665 | Orc:2    | Reached skill level 18 in Shields
  9665 | Orc:2    | Noticed a two-headed ogre
  9666 | Orc:2    | Noticed a two-headed ogre
  9667 | Orc:2    | Killed an ogre mage
  9667 | Orc:2    | Noticed a two-headed ogre
  9669 | Orc:2    | Killed a two-headed ogre
  9671 | Orc:2    | Killed a two-headed ogre
  9672 | Orc:2    | Killed a two-headed ogre
  9673 | Orc:2    | Reached skill level 19 in Shields
  9676 | Orc:2    | Killed a two-headed ogre
  9677 | Orc:2    | Noticed a two-headed ogre
  9679 | Orc:2    | Killed a two-headed ogre
  9680 | Orc:2    | Reached XP level 13. HP: 29/113 MP: 11/11
  9680 | Orc:2    | Noticed an ogre mage
  9682 | Orc:2    | Slain by a two-headed ogre

Illustrated notes

Levels and vault maps discovered:
D:1:      dpeg_arrival_tiny_j, layout_loops_ring, serial_shops,
          nicolae_shop_stone
D:2:      layout_rooms
D:3:      layout_basic, chei_slow_surprise, uniq_jessica
D:4:      layout_basic, ebering_ghost_disaster_area, portal_sewer_entry_b
D:5:      layout_loops_ring, mainiacjoe_overflow_alcove_1,
          minmay_temple_entry_purple_smoke, minivault_25,
          minmay_hollow_rounded_squares
D:6:      layout_rooms, mainiacjoe_overflow_catch_the_wave,
          uniq_crazy_yiuf_cottage, uniq_grinder, uniq_menkaure, uniq_edmund
D:7:      minmay_angry_zag, layout_loops_ring, kennysheep_diamond, uniq_pikel
D:8:      layout_basic, david_lair_shrubbed, wad_rectangle_vault
D:9:      layout_basic, serial_shops, nicolae_shop_window_shopping
D:10:     layout_roguey, mainiacjoe_overflow_catwalk_spiral, david_orc_2,
          chequers_serial_rivers_micro_b, dreamdust_mushroom_princess
Temple:   eino_temple_rhombus
Orc:1:    layout_diamond_mine, nicolae_orc_pool_cavern, mines3_lemuel,
          uniq_snorg, uniq_fannar, uniq_erica
Orc:2:    st_orc_ogre_mass, layout_diamond_mine, uniq_donald

Skill      XL: |  1  2  3  4  5  6  7  8  9 10 11 12 |
---------------+-------------------------------------+-----
Axes           | 3 4 6 |  6.5
Fighting       | 4 7 9 12 14 | 14.0
Shields        | 9 15 19 | 19.4
Armour         | |  3.2

Action                   |  1- 3 |  4- 6 |  7- 9 | 10-12 | 13-15 || total
-------------------------+-------+-------+-------+-------+-------++-------
Melee: War axe           |   101 |   116 |   268 |    50 |       ||   535
       Battleaxe         |       |       |       |   145 |     2 ||   147
       Broad axe         |       |       |       |    95 |       ||    95
Throw: Boomerang         |       |       |    20 |       |       ||    20
       Javelin           |       |       |     3 |     2 |       ||     5
       Throwing net      |       |       |       |     1 |       ||     1
  Use: Scroll            |     6 |     6 |     3 |     3 |       ||    18
       Potion            |       |     4 |       |     3 |       ||     7
 Stab: Fleeing           |       |       |       |     2 |       ||     2
       Held in net/web   |       |       |       |     1 |       ||     1
Armor: Scale mail        |    44 |    39 |    32 |       |       ||   115
       Swamp dragon scal |       |       |    99 |   101 |       ||   200
Dodge: Dodged            |    43 |    43 |   137 |   107 |     3 ||   333
Block: Buckler           |    20 |    31 |    61 |       |       ||   112
       Tower shield      |       |       |    81 |   539 |     7 ||   627

Table legend: (Time is in decaauts)
 A = Elapsed time spent in this place.
 B = Non-inter-level travel time spent in this place.
 C = Inter-level travel time spent in this place.
 D = Time resting spent in this place.
 E = Time spent auto-exploring this place.
 F = Levels seen in this place.
 G = Mean time per level.
                   A        B        C        D        E       F      G
               +--------+--------+--------+--------+--------+-----+--------+
         Total |  11861 |  10913 |    948 |    277 |   8298 |  14 |  847.2 |
       Dungeon |   9531 |   8741 |    790 |    277 |   6642 |  10 |  953.1 |
        Temple |    198 |    178 |     20 |      0 |    163 |   1 |  198.0 |
  Orcish Mines |   1668 |   1531 |    137 |      0 |   1244 |   2 |  834.0 |
         Sewer |    462 |    462 |      0 |      0 |    249 |   1 |  462.0 |
               +--------+--------+--------+--------+--------+-----+--------+

Top non-repeatable levels by time:
     D:7: 1300 daAuts
     D:8: 1222 daAuts
    D:10: 1157 daAuts
   Orc:1: 1128 daAuts
     D:9: 1078 daAuts
     D:3: 1069 daAuts
     D:6: 942 daAuts
     D:4: 842 daAuts
     D:1: 732 daAuts
     D:5: 661 daAuts
   Orc:2: 540 daAuts
     D:2: 524 daAuts
   Sewer: 462 daAuts
  Temple: 198 daAuts
